Map: Magannatha LE

Players

MVPTupacKING - Winner!

  • Race: Zerg Zerg
  • League: Diamond
  • Spawn Location: 11:00

ManlyManMeat

  • Race: Protoss Protoss
  • League: Master
  • Spawn Location: 5:00

VOD

Have the link to the VOD?

Description

Time

  • Played on: June 13, 2025, 4:20 p.m.
  • Length: 11:08
Show
View Real Time Build Order
Export as new Build Order

MVPTupacKING Zerg - Winner!

Build Orders: Hatch First 

Get SALT Encoding   

  12  0:00  Drone  
  13  0:12  Overlord  
  13  0:17  Drone  
  14  0:30  Drone x2  
  14  0:34  Drone  
  17  0:50  Hatchery  
  17  0:53  Drone  
  17  0:56  Drone  
  18  1:12  Extractor  
  18  1:14  Spawning Pool  
  18  1:16  Drone  
  17  1:19  Drone  
  18  1:27  Drone  
  19  1:39  Drone  
  20  1:50  Overlord  
  20  2:01  Queen  
  22  2:02  Queen  
  22  2:04  Zergling x4  
  26  2:24  Hatchery  
  26  2:25  Drone  
  26  2:30  Metabolic Boost  
  26  2:33  Drone  
  27  2:44  Queen  
  27  2:48  Drone  
  30  2:56  Pneumatized Carapace  
  30  3:01  Overlord  
  30  3:15  Overlord  
  30  3:20  Drone x6  
  37  3:41  Zergling x6  
  39  3:52  Zergling x8  
  39  3:55  Zergling x4  
  44  3:57  Zergling x2  
  44  3:58  Zergling x6  
  44  4:02  Zergling x2  
  49  4:07  Overlord x2  
  49  4:12  Overlord  
  49  4:15  Overlord  
  49  4:25  Queen  
  49  4:26  Drone  
  49  4:27  Drone x3  
  49  4:28  Drone  
  56  4:35  Zergling x4  
  56  4:37  Drone x5  
  63  4:39  Drone  
  63  4:41  Drone  
  65  4:58  Zergling x10  
  70  5:04  Zergling x4  
  72  5:13  Drone  
  73  5:14  Overlord x4  
  72  5:24  Drone x2  
  72  5:25  Overlord x2  
  72  5:26  Overlord  
  74  5:31  Hatchery  
  72  5:38  Drone x3  
  71  5:45  Zergling x8  
  68  5:58  Zergling x2  
  68  5:59  Zergling x8  
  68  6:05  Drone x2  
  68  6:06  Drone  
  69  6:13  Drone x5  
  69  6:14  Drone  
  75  6:22  Drone  
  76  6:26  Drone x2  
  76  6:28  Lair  
  77  6:39  Zergling x6  
  77  6:45  Extractor  
  77  6:46  Extractor  
  73  6:48  Zergling x6  
  76  6:56  Zergling x6  
  79  7:02  Zergling x2, Roach Warren  
  79  7:03  Zergling x12  
  85  7:09  Evolution Chamber  
  85  7:10  Evolution Chamber  
  85  7:11  Extractor  
  79  7:28  Drone  
  79  7:29  Drone x8  
  88  7:37  Zerg Missile Weapons Level 1  
  88  7:49  Drone x2  
  88  7:50  Drone x5  
  95  7:54  Extractor  
  95  7:56  Extractor  
  93  8:02  Overlord x6  
  93  8:22  Hatchery  
  92  8:27  Zergling x8  
  92  8:28  Zergling x8  
  92  8:30  Zerg Melee Weapons Level 1  
  102  9:03  Roach x7  
  102  9:04  Glial Reconstitution  
  114  9:16  Roach x5  
  114  9:17  Roach  
  126  9:22  Roach  
  128  9:30  Roach x3  
  134  9:33  Queen  
  134  9:48  Roach  
  134  9:49  Roach x6  
  134  9:50  Roach x3  
  153  10:05  Roach x2  
  153  10:06  Roach x7  
  153  10:07  Roach x2  
  175  10:19  Queen  
  175  10:20  Drone x3  
  180  10:23  Ravager  
  180  10:25  Ravager x7  
  180  10:26  Ravager  
  180  10:28  Overlord x4  
  189  10:32  Extractor  
  189  10:33  Extractor  
  187  10:44  Hatchery  
  172  10:51  Hatchery  
Show
View Real Time Build Order
Export as new Build Order

ManlyManMeat Protoss 

Build Orders: 1 Gate Expand 

Get SALT Encoding   

  12  0:00  Probe  
  13  0:12  Probe  
  14  0:19  Pylon  
  14  0:20  Probe  
  15  0:33  Probe  
  16  0:44  Gateway  
  16  0:52  Gateway  
  16  0:55  Probe  
  17  1:06  Assimilator  
  17  1:07  Probe  
  18  1:33  Nexus  
  18  1:46  Cybernetics Core  
  18  1:50  Probe  
  19  1:56  Assimilator  
  19  2:02  Probe  
  20  2:09  Warp Gate  
  20  2:11  Pylon  
  20  2:14  Stalker, Probe  
  21  2:26  Stalker  
  25  2:32  Probe  
  26  2:44  Stalker, Probe  
  29  2:51  Probe  
  29  2:57  Probe  
  31  3:03  Probe  
  32  3:09  Probe  
  33  3:15  Probe  
  34  3:21  Probe  
  34  3:26  Stalker  
  37  3:35  Robotics Facility  
  37  3:39  Forge  
  37  3:41  Probe x2  
  39  3:43  Assimilator  
  39  3:44  Assimilator  
  39  3:48  Zealot  
  41  3:53  Probe x2  
  43  4:14  Nexus  
  43  4:17  Pylon  
  43  4:18  Zealot  
  45  4:24  Pylon  
  45  4:25  Probe  
  46  4:35  Probe  
  46  4:36  Pylon  
  46  4:37  Probe  
  48  4:42  Shield Battery  
  48  4:48  Probe  
  48  4:49  Probe  
  50  4:52  Twilight Council  
  50  4:55  Gateway  
  50  5:00  Probe  
  50  5:03  Stalker  
  53  5:12  Probe  
  54  5:16  Protoss Ground Weapons Level 1  
  54  5:20  Charge  
  54  5:23  Warp Prism  
  56  5:31  Zealot x2  
  35  5:53  Zealot x2  
  38  5:58  Probe x2  
  38  6:01  Probe  
  39  6:10  Probe x2  
  40  6:22  Probe  
  41  6:31  Stalker x2  
  45  6:34  Probe  
  42  7:03  Zealot  
  42  7:04  Zealot  
  46  7:20  Gateway  
  46  7:21  Probe x3  
  45  7:24  Gateway  
  45  7:25  Gateway  
  45  7:32  Probe x2  
  47  7:40  Probe  
  47  7:42  Probe  
  47  7:48  Probe  
  47  7:51  Probe  
  49  7:55  Robotics Bay  
  51  8:03  Pylon  
  51  8:05  Assimilator  
  51  8:13  Zealot  
  51  8:14  Zealot x2  
  51  8:17  Protoss Ground Armor Level 1  
  51  8:37  Probe x2  
  51  8:38  Photon Cannon, Probe  
  51  8:40  Pylon  
  53  8:45  Probe  
  53  8:46  Probe  
  53  8:47  Probe  
  54  8:54  Sentry  
  59  9:01  Probe  
  59  9:02  Probe  
  59  9:03  Probe  
  62  9:14  Probe x2  
  62  9:15  Probe  
  65  9:25  Assimilator  
  65  9:26  Zealot x6, Probe  
  78  9:34  Colossus  
  71  9:58  Zealot x4  
  71  9:59  Zealot x2  
  69  10:15  Pylon x2  
  69  10:20  Pylon  
  75  10:36  Zealot x5  
  57  10:57  Zealot x5  
Tags
 
Add a new tag
Caveats
  • Supply blocks, unpowered buildings, or Contaminate may cause inaccurate times.
  • Supply counts are checked every 10 seconds.